Map: Daybreak LE (Void)

Players

Writhe

  • Race: Terran Terran
  • League: Gold
  • Spawn Location: 7:00

Fropez - Winner!

  • Race: Protoss Protoss
  • League: Gold
  • Spawn Location: 1:00

VOD

Have the link to the VOD?

Description

Time

  • Played on: Jan. 10, 2017, 4:39 p.m.
  • Length: 21:33
Show
View Real Time Build Order
Export as new Build Order

Writhe Terran 

Build Orders:  

Get SALT Encoding   

  12  0:01  SCV  
  14  0:14  SCV  
  14  0:21  Supply Depot  
  14  0:31  SCV  
  15  0:45  SCV, Barracks  
  16  0:57  SCV, Refinery  
  16  0:59  Refinery  
  17  1:07  Supply Depot  
  17  1:09  SCV  
  18  1:33  Marine  
  18  1:35  Orbital Command  
  19  1:43  Engineering Bay  
  19  1:51  Marine  
  20  2:01  SCV  
  21  2:08  Marine  
  21  2:09  Factory  
  22  2:18  SCV  
  23  2:26  Marine  
  23  2:33  SCV  
  24  2:39  Missile Turret  
  24  2:43  Missile Turret  
  24  2:49  Missile Turret  
  22  3:31  Barracks Tech Lab  
  22  3:32  Factory Reactor  
  20  3:35  Starport  
  20  3:37  Starport  
  20  3:44  SCV  
  21  3:54  Command Center  
  21  3:58  SCV  
  22  4:05  Marauder  
  24  4:10  SCV  
  24  4:13  Starport Tech Lab  
  25  4:19  Cyclone  
  28  4:24  Starport Tech Lab  
  28  4:28  SCV  
  29  4:39  Supply Depot  
  29  4:41  Supply Depot  
  29  4:46  Marauder  
  31  4:57  Cloaking Field  
  31  5:00  SCV, Banshee x2  
  38  5:16  Planetary Fortress  
  38  5:26  Cyclone  
  41  5:30  SCV  
  41  5:34  Liberator  
  42  5:36  Concussive Shells  
  42  5:37  Marine, Missile Turret  
  43  5:43  Cyclone  
  46  5:53  SCV  
  46  5:55  Marine  
  51  6:11  SCV  
  51  6:12  SCV  
  51  6:15  Marine, Refinery  
  51  6:17  Refinery  
  54  6:20  Cyclone  
  54  6:23  SCV  
  54  6:24  SCV  
  59  6:35  SCV  
  60  7:31  Marauder  
  62  7:37  Supply Depot  
  62  7:41  Supply Depot  
  62  7:44  Stimpack  
  62  7:51  Barracks  
  62  7:52  Barracks  
  62  7:53  Supply Depot  
  62  7:54  Barracks  
  62  7:56  Supply Depot  
  62  7:57  Supply Depot  
  62  7:59  Cyclone x2  
  67  8:25  Marauder  
  69  8:31  Raven, Cyclone x2  
  69  8:32  Armory x2  
  77  8:45  Missile Turret  
  77  8:46  SCV  
  77  8:48  Barracks Reactor  
  78  8:49  Barracks Tech Lab  
  78  8:54  Barracks Reactor  
  78  9:00  Command Center  
  78  9:06  Cyclone x2  
  78  9:09  Marauder  
  86  9:13  SCV x2  
  85  9:54  Marine  
  85  9:55  Marine x2  
  85  10:07  Banshee x2  
  85  10:10  Cyclone x2  
  85  10:11  Marine x3  
  85  10:12  Marine  
  101  10:15  Terran Vehicle Weapons Level 1  
  101  10:16  Terran Vehicle And Ship Armor Level 1  
  101  10:17  SCV, Starport  
  101  10:20  SCV  
  73  11:46  Marine x6  
  57  12:26  Marine x2  
  57  12:28  Cyclone x2  
  65  12:36  Terran Ship Weapons Level 1  
  65  12:37  Terran Vehicle And Ship Armor Level 2  
  65  12:38  Fusion Core  
  65  12:40  Starport Reactor, Starport  
  65  12:47  Orbital Command  
  65  12:50  Refinery  
  64  13:00  Cyclone x2  
  70  13:10  Factory  
  70  13:11  Factory, Armory  
  70  13:12  Supply Depot  
  70  13:14  Marine x3  
  70  13:15  Marine, Marauder x2  
  70  13:16  Combat Shields  
  78  13:23  Refinery  
  78  13:36  Marauder  
  80  13:52  Starport Tech Lab  
  80  13:56  Fusion Core  
  80  13:59  Ghost Academy  
  80  14:10  Battlecruiser x2  
  80  14:13  Weapon Refit  
  80  14:14  Terran Vehicle Weapons Level 2  
  80  14:15  Factory Tech Lab  
  80  14:16  Factory Tech Lab  
  92  14:21  Marine x4  
  92  14:22  Marine x2  
  98  14:26  Medivac x2  
  102  14:32  Missile Turret  
  102  14:33  Barracks  
  102  14:36  Bunker  
  101  14:39  Marine x2  
  99  15:17  Orbital Command  
  82  15:25  Marauder x2  
  73  15:29  Banshee x3  
  79  15:47  Marauder  
  79  15:48  Siege Tank  
  79  15:49  Marine x2  
  85  15:50  Marine x3  
  85  15:55  Refinery  
  88  16:07  Marine  
  89  16:18  Hi-Sec Auto Tracking  
  89  16:19  Marine x5  
  89  16:20  Missile Turret  
  89  16:24  Engineering Bay  
  89  16:25  Marine  
  95  16:27  Engineering Bay  
  95  16:30  Refinery  
  95  16:32  Missile Turret  
  95  16:36  Missile Turret  
  95  16:37  Marine x2  
  97  16:43  Missile Turret  
  97  16:59  Orbital Command  
  93  17:34  Command Center  
  93  17:43  Battlecruiser  
  93  17:44  Missile Turret  
  99  17:45  Marine x2  
  101  17:58  Refinery  
  101  18:04  Terran Infantry Weapons Level 1, Terran Infantry Armor Level 1  
  101  18:23  SCV x2  
  103  18:27  Refinery  
  103  18:36  Sensor Tower  
  100  18:53  Siege Tank x2  
  100  18:56  Marine x2  
  100  18:57  Marine, Marauder x2  
  100  19:00  Medivac  
  109  19:05  Orbital Command  
  109  19:13  SCV  
  110  19:28  Marine x2  
  110  19:29  Marine, Marauder x2  
  117  19:44  Command Center  
  117  19:53  Missile Turret  
  117  20:00  Marine x3  
  117  20:01  Marauder  
  117  20:02  Marauder  
  123  20:37  Marine  
  123  20:38  Marine  
  125  20:43  Marine x3, Supply Depot  
  125  20:44  Marauder  
  112  20:58  Marine  
  112  21:02  Marauder  
  115  21:05  Marauder  
Show
View Real Time Build Order
Export as new Build Order

Fropez Protoss - Winner!

Build Orders:  

Get SALT Encoding   

  12  0:02  Probe (Chrono Boost)  
  13  0:12  Probe (Chrono Boost)  
  14  0:25  Pylon  
  14  0:39  Probe (Chrono Boost)  
  15  0:50  Probe (Chrono Boost)  
  16  1:06  Nexus  
  15  1:46  Gateway  
  15  1:52  Forge  
  15  1:56  Pylon  
  15  2:00  Probe (Chrono Boost)  
  16  2:05  Assimilator  
  16  2:10  Assimilator  
  16  2:11  Probe (Chrono Boost)  
  17  2:18  Probe (Chrono Boost)  
  17  2:21  Probe (Chrono Boost)  
  19  2:29  Probe (Chrono Boost)  
  20  2:35  Probe (Chrono Boost)  
  21  2:37  Pylon  
  21  2:42  Probe (Chrono Boost)  
  22  2:46  Probe (Chrono Boost), Gateway  
  22  2:50  Assimilator  
  23  2:53  Probe (Chrono Boost)  
  26  2:59  Photon Cannon  
  26  3:05  Pylon  
  23  3:34  Probe x2 (Chrono Boost)  
  24  3:46  Assimilator  
  24  3:48  Zealot  
  24  3:55  Pylon  
  24  4:02  Cybernetics Core  
  24  4:06  Probe (Chrono Boost)  
  25  4:11  Probe (Chrono Boost)  
  25  4:14  Protoss Ground Weapons Level 1  
  26  4:20  Probe (Chrono Boost)  
  27  4:27  Probe (Chrono Boost)  
  27  4:29  Warp Gate  
  28  4:36  Probe (Chrono Boost)  
  32  4:53  Probe (Chrono Boost)  
  32  4:56  Stalker x2, Mothership Core (Chrono Boost)  
  36  5:05  Probe (Chrono Boost)  
  37  5:16  Probe (Chrono Boost)  
  37  5:17  Probe (Chrono Boost)  
  39  5:28  Probe (Chrono Boost)  
  40  5:30  Stalker x2  
  40  5:34  Pylon  
  40  5:35  Probe (Chrono Boost)  
  45  5:40  Twilight Council  
  45  5:52  Robotics Facility  
  45  5:54  Probe (Chrono Boost)  
  45  5:55  Probe (Chrono Boost)  
  47  6:00  Pylon  
  47  6:05  Protoss Ground Weapons Level 2  
  47  6:06  Probe (Chrono Boost)  
  47  6:08  Probe (Chrono Boost)  
  49  6:18  Pylon, Probe (Chrono Boost)  
  50  6:24  Probe (Chrono Boost)  
  51  6:31  Resonating Glaives  
  49  6:41  Pylon  
  50  6:49  Pylon  
  50  6:50  Pylon  
  50  6:53  Pylon  
  49  6:56  Observer  
  46  7:13  Probe x2 (Chrono Boost)  
  44  7:23  Stalker x2  
  47  7:33  Probe (Chrono Boost)  
  47  7:34  Probe (Chrono Boost)  
  49  7:49  Nexus  
  49  7:51  Pylon  
  49  7:54  Probe x2 (Chrono Boost)  
  51  8:00  Adept x2  
  57  8:06  Probe (Chrono Boost)  
  57  8:07  Probe (Chrono Boost)  
  57  8:18  Probe (Chrono Boost)  
  57  8:19  Probe (Chrono Boost)  
  59  8:25  Gateway  
  59  8:27  Gateway  
  59  8:28  Gateway  
  59  8:31  Gateway  
  57  8:34  Gateway  
  57  8:35  Pylon  
  57  8:39  Adept  
  57  8:40  Adept  
  61  8:45  Pylon  
  61  8:50  Warp Prism  
  61  8:51  Probe (Chrono Boost), Photon Cannon  
  61  8:52  Protoss Ground Weapons Level 3  
  66  9:03  Probe (Chrono Boost)  
  66  9:04  Probe (Chrono Boost)  
  66  9:05  Probe (Chrono Boost)  
  67  9:15  Adept x2, Probe (Chrono Boost)  
  72  9:28  Observer  
  69  9:50  Adept x6  
  69  9:51  Adept  
  81  9:57  Dark Shrine  
  76  10:00  Probe (Chrono Boost)  
  76  10:01  Probe x2 (Chrono Boost)  
  76  10:15  Adept  
  76  10:16  Adept x5  
  76  10:17  Adept  
  90  10:25  Pylon  
  77  10:50  Adept x3  
  77  10:51  Adept x4  
  91  11:06  Photon Cannon  
  79  11:13  Adept x4  
  79  11:14  Adept  
  68  11:26  Stalker  
  68  11:27  Mothership Core (Chrono Boost)  
  58  11:34  Stalker x5  
  64  11:44  Blink  
  64  11:59  Stalker x5  
  64  12:22  Protoss Ground Armor Level 1  
  64  12:23  Assimilator  
  64  12:27  Stalker x5  
  64  12:28  Assimilator  
  74  12:39  Pylon  
  74  12:42  Pylon  
  74  12:43  Nexus, Pylon  
  74  12:53  Dark Templar x3  
  74  12:56  Pylon  
  78  12:59  Pylon  
  78  13:08  Stalker x2  
  82  13:23  Dark Templar  
  84  13:40  Stalker x5  
  88  13:43  Warp Prism  
  90  13:59  Pylon  
  90  14:01  Photon Cannon  
  90  14:02  Photon Cannon  
  90  14:06  Assimilator, Stalker x6  
  102  14:11  Assimilator  
  98  14:52  Stalker x4  
  106  14:53  Stalker x2  
  99  15:27  Stalker x3  
  99  15:28  Stalker x3  
  103  15:30  Probe (Chrono Boost)  
  103  15:31  Probe x2 (Chrono Boost)  
  106  15:47  Protoss Ground Armor Level 2  
  106  15:51  Dark Templar  
  106  15:52  Dark Templar  
  110  16:06  Stalker x2  
  110  16:07  Stalker x2  
  114  16:14  Gateway  
  114  16:16  Gateway  
  114  16:19  Gateway  
  114  16:22  Gateway  
  114  16:24  Pylon  
  114  16:26  Pylon  
  114  16:28  Gateway  
  114  16:29  Stalker x2  
  114  16:30  Stalker  
  106  17:16  Stalker x2  
  106  17:17  Stalker x4  
  112  17:38  Stalker x4  
  112  17:39  Stalker  
  112  17:41  Stalker x5  
  112  17:43  Probe (Chrono Boost)  
  134  17:44  Probe (Chrono Boost)  
  134  17:55  Dark Templar  
  136  17:59  Protoss Shields Level 1  
  136  18:06  Pylon  
  136  18:08  Nexus  
  136  18:31  Dark Templar  
  136  18:32  Dark Templar x3  
  144  18:35  Archon  
  144  18:36  Archon  
  144  18:55  Nexus  
  144  18:57  Assimilator  
  144  18:59  Pylon  
  144  19:01  Photon Cannon  
  144  19:02  Photon Cannon  
  144  19:08  Photon Cannon  
  144  19:11  Pylon  
  144  19:13  Pylon  
  144  19:22  Pylon  
  144  19:24  Pylon  
  144  19:29  Stalker x3  
  144  19:30  Stalker x2  
  154  19:40  Stalker x2  
  158  19:46  Dark Templar x2  
  156  20:26  Stalker x5  
  156  20:27  Stalker x2  
  166  20:32  Assimilator  
  166  20:48  Pylon  
Tags
 
League
GoldGold
Matchup
PvT
Replay Pack
All Mines
Spawn Locations
Cross Positions
Add a new tag
Caveats
  • Supply blocks, unpowered buildings, or Contaminate may cause inaccurate times.
  • Supply counts are checked every 10 seconds.